 Dungeon Crawl Stone Soup version 0.26.1-2-gb8aa6d0cf2 (webtiles) character file.

Game seed: 1373457034129319704

66 windgrace the Vexing (level 4, -2/34 HPs)
             Began as a Gnoll Arcane Marksman on Feb 15, 2021.
             Slain by Sigmund
             ... wielding a +0 scythe
              (9 damage)
             ... on level 2 of the Dungeon.
             The game lasted 00:04:43 (782 turns).

windgrace the Vexing (Gnoll Arcane Marksman)         Turns: 782, Time: 00:04:44

Health: -2/34      AC:  2    Str: 12    XL:     4   Next: 15%
Magic:  8/8        EV: 15    Int: 16    God:
Gold:   60         SH:  0    Dex: 16    Spells: 7/8 levels left

rFire    . . .     SeeInvis .   c - +4 whip
rCold    . . .     Faith    .   (no shield)
rNeg     . . .     Spirit   .   e - +0 robe
rPois    .         Reflect  .   (no helmet)
rElec    .         Harm     .   (no cloak)
rCorr    .         Rampage  .   (no gloves)
Will     .....                  (no boots)
Stlth    ++........             (no amulet)
HPRegen  0.11/turn              (no ring)
MPRegen  0.11/turn              (no ring)

@: no status effects
A: distributed training, fangs 1, strong nose
a: no special abilities


You were on level 2 of the Dungeon.
You visited 1 branch of the dungeon, and saw 2 of its levels.

You collected 60 gold pieces.

Inventory:

Hand Weapons
 a - a +0 shortbow
 c - a +4 whip (weapon)
Missiles
 b - a throwing net (quivered)
 d - 25 arrows
Armour
 e - a +0 robe (worn)
 f - a +0 scale mail


   Skills:
 + Level 2.7 Fighting
 + Level 1.0 Short Blades
 + Level 1.0 Long Blades
 + Level 1.0 Axes
 + Level 1.0 Maces & Flails
 + Level 1.0 Polearms
 + Level 1.0 Staves
 + Level 1.0 Slings
 + Level 4.6 Bows
 + Level 1.0 Crossbows
 + Level 1.0 Throwing
 + Level 1.0 Armour
 + Level 4.6 Dodging
 + Level 1.0 Stealth
 + Level 1.0 Shields
 + Level 1.0 Unarmed Combat
 + Level 2.9 Spellcasting
 + Level 0.8 Conjurations
 + Level 5.4 Hexes
 + Level 0.8 Summonings
 + Level 0.8 Necromancy
 + Level 0.8 Translocations
 + Level 0.8 Transmutations
 + Level 0.8 Fire Magic
 + Level 0.8 Ice Magic
 + Level 0.8 Air Magic
 + Level 0.8 Earth Magic
 + Level 0.8 Poison Magic
 + Level 1.1 Invocations
 + Level 1.0 Evocations


You had 7 spell levels left.
You knew the following spells:

 Your Spells              Type           Power        Failure   Level
a - Corona                Hex            21%          1%          1

Your spell library contained the following spells:

 Spells                   Type           Power        Failure   Level
 Slow                     Hex            19%          3%          2
 Inner Flame              Hex/Fire       12%          16%         3
 Portal Projectile        Hex/Tloc       24%          16%         3
 Cause Fear               Hex            9%           21%         4
 Leda's Liquefaction      Hex/Erth       6%           45%         4


Dungeon Overview and Level Annotations

Branches:
Dungeon (2/15)

Altars:

Annotations:
D:2 Sigmund


Innate Abilities, Weirdness & Mutations

Your experience applies equally to all skills.
You have very sharp teeth.
Your uncanny sense of smell can sniff out nearby items.


Message History

You hit the gnoll but do no damage. The gnoll barely misses you.
You barely miss the gnoll. The gnoll barely misses you.
You hit the gnoll but do no damage. You bite the gnoll, but do no damage.
The gnoll misses you.
You hit the gnoll.
The gnoll is moderately wounded.
The gnoll hits you with a +0 spear!
You hit the gnoll.
The gnoll is heavily wounded.
You hit the gnoll.
You kill the gnoll!
The gnoll hits you with a cursed +0 flail.
* * * LOW HITPOINT WARNING * * *
You have reached level 4!
You feel clever.
Found a twisted platinum amulet.
A rat comes into view.
Sigmund shouts!
Sigmund hits you from afar with a +0 scythe!
You die...

###########
####.g.....).##
##....######))<#
#...@##.....#(.#
#...#(#..)).#...#
#...#
@#.....#.....
#.."
r#.....#.#.#..#
#..
.#.....#...#...
#.. .#######.#.#
.. #. #. ....# ..
#. .


You could see Sigmund, a gnoll and a rat.

Vanquished Creatures
  2 gnolls (D:2)
  An ooze (D:1)
  2 dart slugs (D:1)
  2 giant cockroaches (D:1)
  4 goblins
  6 hobgoblins
  10 kobolds
  5 bats (D:1)
  2 frilled lizards (D:2)
  6 rats (D:1)
40 creatures vanquished.

Notes
Turn   | Place    | Note
-------+----------+-------------------------------------------
     0 | D:1      | windgrace the Gnoll Arcane Marksman began the quest for the
                  | Orb.
     0 | D:1      | Reached XP level 1. HP: 17/17 MP: 4/4
    20 | D:1      | Reached XP level 2. HP: 23/23 MP: 5/5
   220 | D:1      | Reached XP level 3. HP: 28/28 MP: 5/7
   424 | D:1      | Reached skill level 1 in Invocations
   721 | D:2      | Noticed Sigmund
   732 | D:2      | Reached skill level 1 in Short Blades
   732 | D:2      | Reached skill level 1 in Long Blades
   732 | D:2      | Reached skill level 1 in Axes
   732 | D:2      | Reached skill level 1 in Maces & Flails
   732 | D:2      | Reached skill level 1 in Polearms
   732 | D:2      | Reached skill level 1 in Staves
   732 | D:2      | Reached skill level 1 in Slings
   732 | D:2      | Reached skill level 1 in Crossbows
   732 | D:2      | Reached skill level 1 in Throwing
   732 | D:2      | Reached skill level 1 in Armour
   732 | D:2      | Reached skill level 1 in Stealth
   732 | D:2      | Reached skill level 1 in Shields
   732 | D:2      | Reached skill level 1 in Unarmed Combat
   732 | D:2      | Reached skill level 1 in Evocations
   775 | D:2      | Reached XP level 4. HP: 6/34 MP: 8/8
   782 | D:2      | Slain by Sigmund

Illustrated notes

Levels and vault maps discovered:
D:1:      minmay_arrival_solitary_statue, layout_basic, st_stairs_14
D:2:      cheibrodos_fertilizer, layout_basic, overflow_temple_1_default,
          minmay_misc_feat_x, minmay_3d_cube, uniq_natasha, uniq_sigmund

Skill      XL: |  1  2  3 |
---------------+----------+-----
Invocations    | 1 |  1.1
Short Blades   | 1 |  1.0
Long Blades    | 1 |  1.0
Axes           | 1 |  1.0
Maces & Flails | 1 |  1.0
Polearms       | 1 |  1.0
Staves         | 1 |  1.0
Slings         | 1 |  1.0
Crossbows      | 1 |  1.0
Throwing       | 1 |  1.0
Armour         | 1 |  1.0
Stealth        | 1 |  1.0
Shields        | 1 |  1.0
Unarmed Combat | 1 |  1.0
Evocations     | 1 |  1.0
Fighting       | |  2.7
Bows           | |  4.6
Dodging        | |  4.6
Spellcasting   | |  2.9
Conjurations   | |  0.8
Hexes          | |  5.4
Summonings     | |  0.8
Necromancy     | |  0.8
Translocations | |  0.8
Transmutations | |  0.8
Fire Magic     | |  0.8
Ice Magic      | |  0.8
Air Magic      | |  0.8
Earth Magic    | |  0.8
Poison Magic   | |  0.8

Action                   |  1- 3 |  4- 6 || total
-------------------------+-------+-------++-------
Melee: Whip              |    21 |       ||    21
       Bite              |     2 |       ||     2
 Fire: Shortbow          |    79 |       ||    79
 Cast: Corona            |     5 |       ||     5
  Use: Scroll            |     1 |       ||     1
Armor: Robe              |     3 |       ||     3
Dodge: Dodged            |    38 |       ||    38
